 Dungeon Crawl Stone Soup version 0.30-a0-459-g9104f0fc43 (webtiles) character file.

Game seed: 8233407715669626817

51 kurumiz the Poker (level 3, -1/36 HPs)
             Began as an Ogre Gladiator on Dec 16, 2022.
             Killed from afar by Sigmund (9 damage)
             ... with a magic dart
             ... on level 2 of the Dungeon.
             The game lasted 00:03:55 (1932 turns).

kurumiz the Poker (Ogre Gladiator)                  Turns: 1932, Time: 00:03:56

Health: -1/36      AC:  4    Str: 20    XL:     3   Next: 83%
Magic:  3/3        EV: 10    Int:  9    God:
Gold:   70         SH:  0    Dex: 10    Spells: 2/2 levels left

rFire   . . .      SeeInvis .    a - +0 trident
rCold   . . .      Faith    .    (no shield)
rNeg    . . .      Spirit   .    b - +0 robe
rPois   .          Reflect  .    c - +0 hat
rElec   .          Harm     .    q - +0 cloak
rCorr   .          Rampage  .    (gloves unavailable)
Will    .....                    (boots unavailable)
Stlth   +.........               (no amulet)
HPRegen 0.26/turn                (no ring)
MPRegen 0.08/turn                (no ring)

@: confused
A: large, unfitting armour, tough skin 1
a: no special abilities


You were on level 2 of the Dungeon.
You visited 1 branch of the dungeon, and saw 2 of its levels.

You collected 70 gold pieces.

Inventory:

Hand Weapons
 a - a +0 trident (weapon)
 r - a +2 dagger of venom
Missiles
 d - 3 throwing nets (quivered)
 e - a large rock
 l - 9 poisoned darts
 p - 13 stones
Armour
 b - a +0 robe (worn)
 c - a +0 hat (worn)
 m - a +0 pair of gloves
 n - a +0 leather armour
 o - a +0 helmet
 q - a +0 cloak (worn)
Scrolls
 f - 2 scrolls of identify {unknown}
 g - a scroll of vulnerability {unknown}
 j - a scroll of enchant weapon {unknown}
 k - 2 scrolls of immolation {unknown}
Potions
 h - 2 potions of might {unknown}
 i - a potion of curing {unknown}
 s - a potion of flight {unknown}
 t - a potion of degeneration {unknown}


   Skills:
 + Level 2.9 Fighting
 + Level 3.8 Polearms
 + Level 2.1 Throwing
 + Level 3.4 Dodging


You had 2 spell levels left.
You didn't know any spells.
Your spell library was empty.

Dungeon Overview and Level Annotations

Branches:
Dungeon (2/15)

Altars:

Annotations:
D:2 Sigmund


Innate Abilities, Weirdness & Mutations

You are too large for most types of armour.
You have tough skin. (AC +1)


Message History

You reach to attack!
You barely miss Sigmund.
Sigmund is heavily wounded.
Sigmund closely misses you.
You reach to attack!
You closely miss Sigmund.
Sigmund is heavily wounded.
Sigmund casts a spell.
Sigmund flickers and vanishes!
Deactivating autopickup; reactivate with Ctrl-A.
No target in view!
No target in view!
No target in view!
No target in view!
No target in view!
No target in view!
Something hits you!
You miss something. You puncture something! Something completely misses you.
You hit something but do no damage.
You hear some strange, mumbled words.
You are confused.
You're too confused to move!
You hear some strange, mumbled words.
You are more confused.
You bump into the rock wall.
You hear some strange, mumbled words.
A puff of flame appears from out of thin air!
The puff of flame hits you.
You're too confused to move!
Something hits you.
You aren't carrying any pieces of jewellery.
Okay, then.
You miss something. Something hits you.
You bump into the rock wall.
Something hits you.
* * * LOW HITPOINT WARNING * * *
You bump into the rock wall.
Something hits you.
* * * LOW HITPOINT WARNING * * *
You bump into the rock wall.
A magic dart appears from out of thin air!
The magic dart hits you!
You die...

#.......#
#.####### #.###
#.#.. #.#.# #.#.#
#.#.#.#########..
#.#.#.#...{......
#.#.#.#@#.#####.#
#.#.#...#...
#.#...#####...
#.##....#...###
#.##.##.#.# #
#.##.# ...#
#..#.###.######
#.#......#.....
###..........#


There were no monsters in sight!

Vanquished Creatures
  A gnoll (D:1)
  A worm (D:2)
  6 bats
  4 endoplasms
  3 hobgoblins (D:1)
  A quokka (D:1)
  4 ball pythons
  2 frilled lizards (D:1)
  8 goblins
  6 kobolds
  3 rats
39 creatures vanquished.

Notes
Turn   | Place    | Note
-------+----------+-------------------------------------------
     0 | D:1      | kurumiz the Ogre Gladiator began the quest for the Orb.
     0 | D:1      | Reached XP level 1. HP: 22/22 MP: 1/1
   199 | D:1      | Reached XP level 2. HP: 29/29 MP: 2/2
   686 | D:1      | Reached XP level 3. HP: 26/36 MP: 3/3
  1907 | D:2      | Noticed Sigmund
  1932 | D:2      | Killed from afar by Sigmund

Illustrated notes

Levels and vault maps discovered:
D:1:      dreamdust_arrival_beginning_and_end, layout_loops_corners
D:2:      layout_loops_ring, columned_hall_lemuel, uniq_sigmund

Skill      XL: |  1  2 |
---------------+-------+-----
Dodging        | 3 |  3.4
Fighting       | |  2.9
Polearms       | |  3.8
Throwing       | |  2.1

Action                   || total
-------------------------++-------
Melee: Trident           ||   124
 Stab: Sleeping          ||     2
Armor: Robe              ||    23
Dodge: Dodged            ||    47

Table legend: (Time is in decaauts)
 A = Elapsed time spent in this place.
 B = Non-inter-level travel time spent in this place.
 C = Inter-level travel time spent in this place.
 D = Time resting spent in this place.
 E = Time spent auto-exploring this place.
 F = Levels seen in this place.
 G = Mean time per level.
                   A        B        C        D        E       F      G
               +--------+--------+--------+--------+--------+-----+--------+
         Total |   1947 |   1413 |    534 |      0 |   1130 |   2 |  973.5 |
       Dungeon |   1947 |   1413 |    534 |      0 |   1130 |   2 |  973.5 |
               +--------+--------+--------+--------+--------+-----+--------+

Top non-repeatable levels by time:
     D:1: 1483 daAuts
     D:2: 464 daAuts
